 Dungeon Crawl Stone Soup version 0.31.0-11-ge490571c62 (webtiles) character file.

Game seed: 17274932169746373570

28 browni3141 the Conjurer (level 3, -5/24 HPs)
             Began as a Demonspawn Conjurer on Jan 30, 2024.
             Slain by a ribbon worm (7 damage)
             ... on level 2 of the Dungeon.
             The game lasted 00:00:40 (1400 turns).

browni3141 the Conjurer (Demonspawn Conjurer)       Turns: 1400, Time: 00:00:40

Health: -5/24      AC:  2    Str:  9    XL:     3   Next: 0%
Magic:  0/6        EV: 12    Int: 18    God:
Gold:   91         SH:  0    Dex: 11    Spells: 5/6 levels left

rFire   . . .        (no weapon)
rCold   . . .        (no shield)
rNeg    . . .        a - +0 robe
rPois   .            (helmet restricted)
rElec   .            (no cloak)
rCorr   .            (no gloves)
SInv    .            (no boots)
Will    .....        (no amulet)
Stlth   ++           (no ring)
HPRegen 0.24/turn    (no ring)
MPRegen 0.10/turn

%: no passive effects
@: lethally poisoned (-5 -> -17)
A: horns 1
a: no special abilities


You were on level 2 of the Dungeon.
You visited 1 branch of the dungeon, and saw 2 of its levels.

You collected 91 gold pieces.

Inventory:

Armour
 a - a +0 robe (worn)
Scrolls
 d - a scroll of amnesia {unknown}
 e - 2 scrolls of identify {unknown}
 f - a scroll of revelation {unknown}
 i - a scroll of enchant armour {unknown}
Potions
 b - a potion of magic
 c - a potion of enlightenment {unknown}
 g - a potion of might {unknown}
 h - a potion of curing {unknown}
 j - a potion of berserk rage {unknown}
 k - a potion of resistance {unknown}


   Skills:
 + Level 2.2 Dodging
 + Level 2.2 Stealth
 + Level 2.3 Spellcasting
 + Level 4.2 Conjurations


You had 5 spell levels left.
You knew the following spells:

 Your Spells              Type           Power      Damage    Failure   Level
a - Magic Dart            Conj           68%        1d6       3%          1

Your spell library contained the following spells:

 Spells                   Type           Power      Damage    Failure   Level
 Searing Ray              Conj           34%        2d5       4%          2
 Dazzling Flash           Conj/Hex       18%        N/A       22%         3
 Cigotuvi's Dreadful Rot  Necr/Alch/Air  4%         N/A       26%         2
 Mephitic Cloud           Conj/Alch/Air  7%         N/A       28%         3
 Fulminant Prism          Conj/Alch      4%         3d5       58%         4
 Iskenderun's Mystic Bla  Conj/Tloc      9%         2d4       58%         4
 Curse of Agony           Necr           2%         N/A       99%         5
 Silence                  Hex/Air        1%         N/A       99%         5
 Plasma Beam              Fire/Air       1%         2x1d11    100%        6
 Death's Door             Necr           1%         N/A       100%        9


Dungeon Overview and Level Annotations

Branches:
Dungeon (2/15)

Altars:


Innate Abilities, Weirdness & Mutations

You have a pair of small horns on your head.


Message History

You now have 67 gold pieces (gained 17).
There is a stone staircase leading down here.
A frilled lizard comes into view.
A frilled lizard is nearby!
A frilled lizard is nearby!
The magic dart hits the frilled lizard.
You kill the frilled lizard!
You can't see any susceptible monsters within range! (Use Z to cast anyway.)
You can't see any susceptible monsters within range! (Use Z to cast anyway.)
i - a scroll labelled YTHRYX LAPHEI A bat comes into view.
A bat is nearby!
A bat is nearby!
A bat is nearby!
The magic dart hits the bat.
The bat is heavily wounded.
The bat misses you.
The magic dart hits the bat.
You kill the bat!
You can't see any susceptible monsters within range! (Use Z to cast anyway.)
j - a red potion You pick up the Folio of the Last Spirits and begin reading...
It was the Folio of the Last Spirits.
You add the spells Cigotuvi's Dreadful Rot, Plasma Beam and Death's Door to your library.
A giant cockroach comes into view.
A giant cockroach is nearby!
The magic dart hits the giant cockroach but does no damage.
The magic dart hits the giant cockroach.
The giant cockroach is almost dead.
The magic dart hits the giant cockroach.
You kill the giant cockroach!
You can't see any susceptible monsters within range! (Use Z to cast anyway.)
You see here a +0 sling.
You see here 6 stones.
Key pressed, stopping explore.
Done exploring.
Done exploring.
Done exploring.
You can't see any susceptible monsters within range! (Use Z to cast anyway.)
There is an open door here.
There is a stone staircase leading down here.
You climb downwards.
There is a stone staircase leading up here.
A bat comes into view.
A bat is nearby!
A bat is nearby!
The magic dart hits the bat.
You kill the bat!
You can't see any susceptible monsters within range! (Use Z to cast anyway.)
You can't see any susceptible monsters within range! (Use Z to cast anyway.) Magic restored.
Found an escape hatch in the ceiling.
Found a stone staircase leading down.
k - a black potion You now have 79 gold pieces (gained 12).
You now have 91 gold pieces (gained 12).
A ribbon worm comes into view.
A ribbon worm is nearby!
The magic dart hits the ribbon worm.
The ribbon worm is lightly wounded.
A goblin comes into view. It is wielding a +1 dagger of venom.
The magic dart hits the ribbon worm.
The ribbon worm is lightly wounded.
The goblin shouts!
A rat comes into view.
The magic dart hits the ribbon worm.
The ribbon worm is moderately wounded.
The rat squeaks loudly.
The magic dart hits the rat.
You kill the rat!
You have reached level 3!
Your experience leads to an increase in your attributes!
Increase (S)trength, (I)ntelligence, or (D)exterity?
You feel stronger. x2
The magic dart hits the ribbon worm.
The ribbon worm is moderately wounded.
You are out of magic!
You are out of magic!
You are out of magic!
You are out of magic!
A bat comes into view.
The ribbon worm expels a string of sticky webbing.
The stream of webbing misses you.
You closely miss the goblin.
The goblin hits you with a +1 dagger of venom.
You are poisoned.
You hit the ribbon worm.
The ribbon worm is moderately wounded.
You feel sick.
The goblin hits you with a +1 dagger of venom.
You are more poisoned.
You hit the goblin but do no damage. Your headbutt misses the goblin.
You feel very sick. The ribbon worm bites you!
The goblin hits you with a +1 dagger of venom.
You are more poisoned.
You hit the ribbon worm.
The ribbon worm is moderately wounded.
You feel very sick. The ribbon worm bites you!
You die...

####### #.....#
#.....# #.....#
#.....# ######
#.....##...#.#
#######........#.#<#
#....bg@.......#.#.#
......w###.....#.#.#
#......###.#...#...#
#......#.......#..##
......##.......#...#
#....#
#...........## #....
#............##
#....
#.............#
##............#


You could see a ribbon worm, a goblin and a bat.

Vanquished Creatures
  A ball python (D:1)
  6 bats
  5 endoplasms (D:1)
  2 giant cockroaches (D:1)
  A hobgoblin (D:1)
  A kobold (D:1)
  2 quokkas (D:1)
  3 frilled lizards (D:1)
  A goblin (D:1)
  A rat (D:2)
23 creatures vanquished.

Notes
Turn   | Place    | Note
-------+----------+-------------------------------------------
     0 | D:1      | browni3141 the Demonspawn Conjurer began the quest for the
                  | Orb.
     0 | D:1      | Reached XP level 1. HP: 13/13 MP: 3/3
   172 | D:1      | Gained mutation: You have a pair of small horns on your
                  | head. [demonic ancestry]
   172 | D:1      | Reached XP level 2. HP: 19/19 MP: 0/5
   227 | D:1      | Found a faded altar of an unknown god.
  1007 | D:1      | Got the Folio of the Last Spirits
  1395 | D:2      | Reached XP level 3. HP: 24/24 MP: 1/6
  1400 | D:2      | Slain by a ribbon worm

Illustrated notes

Levels and vault maps discovered:
D:1:      wheals_arrival_linesprint, layout_basic, ebering_ecumenical_altar_box
D:2:      minmay_diamond_boxcup, layout_rooms, uniq_terence

Skill      XL: |  1 |
---------------+----+-----
Stealth        | 2 |  2.2
Dodging        | 2 |  2.2
Spellcasting   | |  2.3
Conjurations   | |  4.2

Action                     || total
---------------------------++-------
  Melee: Unarmed           ||     5
   Cast: Magic Dart        ||    51
 Armour: Robe              ||     6
  Dodge: Dodged            ||     2
